 Dungeon Crawl Stone Soup version 5.4-101-gcf516dc (webtiles) character file.

8200 Charmandara the Earth Mage (level 12, -2/72 HPs)
             Began as a Deep Elf Earth Elementalist on Mar 26, 2018.
             Was a High Priest of Sif Muna.
             Shot with an arrow by a centaur (3 damage)
             ... on level 14 of the Dungeon.
             The game lasted 00:32:11 (14126 turns).

Charmandara the Earth Mage (DEEE)                  Turns: 14126, Time: 00:32:12

Health: -2/72      AC: 12 (28%)Str:  5  XL:     12   Next: 67%
Magic:  20/22      EV: 11    Int: 26    God:    Sif Muna [5*[131]]
Gold:   804        SH:  0    Dex: 20    Spells: 5/21 levels left

rFire    . . .     SeeInvis .   r - +2 hand axe (venom)
rCold    . . .     Faith    +   (no shield)
rNeg     . . .     Spirit   .   J - +0 acid dragon scales
rPois    .         Reflect  .   v - +0 helmet
rElec    .                      (no cloak)
rCorr    +                      y - +0 pair of gloves
MR       +....                  m - +0 pair of boots
Stlth    ++........             N - amulet of faith {Faith, !P}
Regen    0.3/turn               U - +5 ring of dexterity
MPRegen  0.3/turn               E - +3 ring of protection

@: lethally poisoned (-2 -> -5), divine energy
A: no striking features
a: Stop Divine Energy, Channel Magic, Forget Spell, Renounce Religion


You were on level 14 of the Dungeon.
You worshipped Sif Muna.
Sif Muna was extremely pleased with you.
You were not hungry.

You visited 1 branch of the dungeon, and saw 14 of its levels.

You collected 1204 gold pieces.
You spent 400 gold pieces at shops.

Inventory:

Hand Weapons
 n - a +2 war axe of flaming
   (You took it off an orc on level 4 of the Dungeon)
 r - a +2 hand axe of venom (weapon)
   (You found it on level 4 of the Dungeon)
 w - the +8 frozen axe "Frostbite" {freezing cloud, *Noise +Fly rC+}
   (You found it on level 10 of the Dungeon)

   It has been specially enchanted to freeze those struck by it, causing extra
   injury to most foes and up to half again as much damage against particularly
   susceptible opponents.
   It can also slow down cold-blooded creatures.
   It protects you from cold.
   It lets you fly.
   It may make noises in combat.
 x - a +0 quarterstaff of freezing
   (You took it off Fannar on level 10 of the Dungeon)
 A - a +3 dagger of electrocution
   (You took it off an orc wizard on level 7 of the Dungeon)
 M - a +0 arbalest of freezing
   (You found it on level 11 of the Dungeon)
 Q - a +2 shortbow of flaming
   (You took it off a centaur on level 12 of the Dungeon)
Missiles
 b - 2473 stones (quivered)
 j - 141 tomahawks
 l - 297 poisoned darts
 p - 1607 arrows
 O - 6 curare darts
Armour
 m - a +0 pair of boots (worn)
   (You found it on level 3 of the Dungeon)
 q - the +0 leather armour "Zian" {rElec MR- Int+4 Slay+2}
   (You found it on level 13 of the Dungeon)

   It affects your intelligence (+4).
   It affects your accuracy and damage with ranged weapons and melee attacks
   (+2).
   It insulates you from electricity.
   It affects your resistance to hostile enchantments.
 v - a +0 helmet (worn)
   (You found it on level 5 of the Dungeon)
 y - a +0 pair of gloves (worn)
   (You found it on level 7 of the Dungeon)
 F - a +0 troll leather armour {regen}
   (You found it on level 10 of the Dungeon)
 G - the +1 robe of Rarchameo {+Blink rF++ MR- Dex+2}
   (You found it on level 9 of the Dungeon)

   It affects your dexterity (+2).
   It greatly protects you from fire.
   It affects your resistance to hostile enchantments.
   It lets you blink.
 J - +0 acid dragon scales (worn)
   (You found it on level 9 of the Dungeon)
 K - a +1 robe of cold resistance
   (You took it off Fannar on level 10 of the Dungeon)
 P - a +1 helmet
   (You found it on level 12 of the Dungeon)
 S - a +0 cloak
   (You found it on level 12 of the Dungeon)
 W - a +1 robe of positive energy
   (You took it off Erolcha on level 13 of the Dungeon)
Jewellery
 s - an uncursed amulet of regeneration {@e1+regen, !d}
   (You found it on level 4 of the Dungeon)
 E - a +3 ring of protection (right hand)
   (You found it on level 9 of the Dungeon)
 I - an uncursed ring of ice {rC+, rF-}
   (You took it off Fannar on level 10 of the Dungeon)
 N - an amulet of faith (around neck) {Faith, !P}
   (You found it on level 11 of the Dungeon)
 U - a +5 ring of dexterity (left hand)
   (You found it on level 14 of the Dungeon)
Wands
 g - a wand of lightning (2)
 h - a wand of polymorph (8)
 B - a wand of flame (21)
 D - a wand of confusion (11)
 V - a wand of disintegration (8) {@e1}
 X - a wand of scattershot (3)
Scrolls
 a - 11 scrolls of teleportation
 e - 6 scrolls of enchant armour
 f - 4 scrolls of blinking {!r}
 k - 3 scrolls of immolation {!r}
 u - 5 scrolls of enchant weapon
 C - 2 scrolls of amnesia
Potions
 c - a potion of cancellation
 d - 5 potions of lignification
 i - 2 potions of resistance
 o - a potion of invisibility
 t - 3 potions of flight
 z - 5 potions of berserk rage {!q}
 L - a potion of mutation
 T - 3 potions of augmentation
Miscellaneous
 H - a box of beasts


   Skills:
 - Level 7.0 Fighting
 - Level 2.4 Dodging
 - Level 2.4 Stealth
 - Level 5.4(7.2) Spellcasting
 - Level 7.4(9.2) Translocations
 - Level 1.1(2.9) Transmutations
 * Level 18.2(20.0) Earth Magic
 + Level 4.2 Invocations


You had 5 spell levels left.
You knew the following spells:

 Your Spells              Type           Power        Failure   Level  Hunger
a - Sandblast             Erth           50 (50)      0%          1    N/A
b - Blink                 Tloc           N/A          1%          2    N/A
c - Petrify               Tmut/Erth      62 (100)     1%          4    N/A
d - Passage of Golubria   Tloc           N/A          3%          4    N/A
z - Lee's Rapid Deconstr  Erth           85 (200)     1%          5    N/A

Dungeon Overview and Level Annotations

Branches:
Dungeon (14/15)

Altars:
Cheibriados
Dithmenos
Elyvilon
Gozag
Jiyva
Kikubaaqudgha
Makhleb
Nemelex Xobeh
Okawaru
Qazlal
Ru
Sif Muna
Trog
Uskayaw
Vehumet
Wu Jian
Xom
Yredelemnul
Zin
The Shining One

Shops:
D:13 !


Message History

Aim: a centaur warrior zombie The rocky blast hits the centaur warrior zombie (8).
b - 2537 stones Unknown command.
Aim: a centaur warrior zombie (lightly damaged)
The rocky blast hits the centaur warrior zombie (13).
b - 2529 stones You now have 12/22 mp.
Unknown command.
Okay, then.
Aim: a hornet The rocky blast hits the hornet (0).
b - 2521 stones The centaur warrior zombie hits you but does no damage.
You now have 11/22 mp.
Aim: a hornet The rocky blast hits the hornet (13).
b - 2513 stones The centaur warrior zombie completely misses you.
The hornet stings you (10)!
You are poisoned.
You feel yourself slow down.
The centaur warrior zombie barely misses you.
You take 10 damage, and have 62/72 hp.
You now have 10/22 mp.
Unknown command.
You blink.
You feel yourself speed up.
You feel extremely sick.
Found a shimmering altar of Xom.
You take 11 damage, and have 51/72 hp.
You now have 9/22 mp.
Unknown command.
Fragment what (e.g. wall or brittle monster)?: a hornet (moderately wounded)
You cannot affect that.
Okay, then.
Aim: a hornet (moderately wounded)
The rocky blast hits the hornet (17).
b - 2505 stones You feel sick.
The hornet barely misses you.
You take 2 damage, and have 49/72 hp.
You now have 8/22 mp.
Unknown command.
You blink.
You feel sick.
You take 2 damage, and have 47/72 hp.
You now have 6/22 mp.
Unknown command.
Okay, then.
Unknown command.
You feel sick.
You feel sick.
You take 1 damage, and have 46/72 hp.
You can't see any susceptible monsters within range! (Use Z to cast anyway.)
You feel sick.
You are no longer poisoned.
You take 1 damage, and have 45/72 hp.
Aim: a hornet (severely wounded)
The rocky blast hits the hornet (0).
b - 2497 stones You now have 6/22 mp.
Aim: a hornet (severely wounded)
The rocky blast misses the hornet.
The rocky blast hits the centaur warrior zombie (26).
b - 2489 stones The hornet stings you but does no damage.
Aim: a hornet (severely wounded)
The rocky blast misses the hornet.
The rocky blast hits the centaur warrior zombie (6).
b - 2481 stones The hornet stings you (10)!
You are poisoned.
You feel yourself slow down.
You take 9 damage, and have 36/72 hp.
You now have 5/22 mp.
You blink.
You feel extremely sick.
The centaur warrior zombie barely misses you.
The hornet barely misses you.
The centaur warrior zombie hits you (2).
The hornet stings you (11)!
* * * LOW HITPOINT WARNING * * *
You are more poisoned.
You take 23 damage, and have 13/72 hp.
MASSIVE DAMAGE!!
You now have 3/22 mp.
Okay, then.
You blink.
You feel yourself speed up.
You feel extremely sick.
You take 12 damage, and have 1/72 hp.
You now have 2/22 mp.
Unknown command.
Okay, then.
Magic courses through your body.
You feel sick.
A centaur comes into view.
You regained 19 mp, and now have 21/22 mp.
Unknown command.
Unknown command.
Aim: a hornet (heavily wounded)
The rocky blast hits the hornet (2).
b - 2473 stones The centaur shouts!
The centaur wields a +0 shortbow.
The centaur shoots an arrow.
The arrow hits you (3).
You die...

### #.# ########.## #.....###.##
#### ##..........## ####P.####
#............###
###..P.....#####.............#
.P#...........#@#...............
.............y.............[.....
..#..#....P...................#.
.#...........................P.
#..>...........................
#P..#.......##.#...............
##...........###.....##........
#..................c.'.........
##............#.#....# .#....


You could see a hornet and a centaur.

Vanquished Creatures
  Rupert (D:13)
  Fannar (D:10)
  A hydra (D:12)
  Erolcha (D:13)
  A centaur warrior (D:12)
  A two-headed ogre (D:14)
  A tengu warrior (D:13)
  A fire crab (D:12)
  An unseen horror (D:13)
  2 ugly things (D:12)
  2 deep elf magi
  A wolf spider zombie (D:10)
  An orc sorcerer (D:12)
  A cyclops (D:14)
  A manticore (D:12)
  A black mamba (D:12)
  3 spiny frogs
  3 trolls
  A slime creature (D:12)
  A meliai zombie (D:14)
  9 blink frogs
  A shadow (D:10)
  3 wyverns
  4 angry ghosts
  Menkaure (D:8)
  2 acid dragons
  A water moccasin (D:8)
  A spiny frog zombie (D:9)
  6 orc warriors
  A spiny frog skeleton (D:9)
  4 ice beasts
  A phantom (D:9)
  2 black bears
  5 wasps
  7 ogres
  3 blink frog skeletons
  10 centaurs
  2 bullfrogs
  2 wyvern zombies
  A water moccasin zombie (D:6)
  2 wyvern skeletons
  3 water moccasin skeletons
  7 scorpions
  17 killer bees
  2 crimson imps
  4 howler monkeys
  3 centaur zombies
  A quasit (D:6)
  7 jellies
  2 orc priests
  A gnoll shaman (D:6)
  6 hounds
  4 centaur skeletons
  7 orc wizards
  2 worker ants
  4 iguanas
  2 hound skeletons (D:5)
  5 gnolls (D:6)
  A howler monkey zombie (D:6)
  9 adders
  2 shadow imps (D:9)
  An ooze (D:1)
  An adder skeleton (D:4)
  4 dart slugs (D:1)
  34 orcs
  9 quokkas
  2 giant cockroaches
  7 goblins
  9 hobgoblins
  5 jackals
  2 ball pythons
  4 bats
  3 frilled lizards
  A jackal skeleton (D:5)
  6 kobolds
  5 rats
  A fungus (D:14)
277 creatures vanquished.

Vanquished Creatures (others)
  A human (D:9)
1 creature vanquished.

Grand Total: 278 creatures vanquished

Notes
Turn   | Place    | Note
-------+----------+-------------------------------------------
     0 | D:1      | Charmandara the Deep Elf Earth Elementalist began the quest for the Orb.
     0 | D:1      | Reached XP level 1. HP: 10/10 MP: 6/6
   174 | D:1      | Reached skill level 4 in Earth Magic
   174 | D:1      | Reached XP level 2. HP: 12/15 MP: 5/8
   674 | D:1      | Reached XP level 3. HP: 19/19 MP: 7/9
  1043 | D:2      | Reached skill level 5 in Earth Magic
  1212 | D:2      | Found a faded altar of an unknown god.
  1528 | D:2      | Reached XP level 4. HP: 18/24 MP: 8/10
  2097 | D:2      | Found a glowing silver altar of Zin.
  2269 | D:2      | Reached skill level 6 in Earth Magic
  2447 | D:3      | Reached XP level 5. HP: 12/28 MP: 6/11
  2449 | D:3      | HP: 7/28 [poisoned by a scorpion]
  2824 | D:3      | Reached skill level 7 in Earth Magic
  2846 | D:3      | Learned a level 5 spell: Lee's Rapid Deconstruction
  2851 | D:3      | Learned a level 4 spell: Petrify
  2911 | D:3      | Reached XP level 6. HP: 29/32 MP: 9/12
  3287 | D:3      | Found an ornate altar of the Wu Jian Council.
  3583 | D:4      | Reached skill level 8 in Earth Magic
  3711 | D:4      | Found a burning altar of Makhleb.
  3719 | D:4      | Found a hide-covered altar of Uskayaw.
  3723 | D:4      | Found a white marble altar of Elyvilon.
  3826 | D:4      | Found a radiant altar of Vehumet.
  3828 | D:4      | Found a glowing golden altar of the Shining One.
  3836 | D:4      | Found a bloodstained altar of Trog.
  3836 | D:4      | Found a shadowy altar of Dithmenos.
  3836 | D:4      | Found an iron altar of Okawaru.
  3836 | D:4      | Found an opulent altar of Gozag.
  3836 | D:4      | Found a basalt altar of Yredelemnul.
  3837 | D:4      | Found a shimmering altar of Xom.
  3838 | D:4      | Found a viscous altar of Jiyva.
  3845 | D:4      | Found a deep blue altar of Sif Muna.
  3846 | D:4      | Found a stormy altar of Qazlal.
  3847 | D:4      | Found a sparkling altar of Nemelex Xobeh.
  3852 | D:4      | Became a worshipper of Sif Muna the Loreminder
  4168 | D:4      | Reached XP level 7. HP: 36/36 MP: 11/13
  4228 | D:5      | Entered Level 5 of the Dungeon
  4248 | D:5      | Reached skill level 9 in Earth Magic
  4582 | D:5      | Found a snail-covered altar of Cheibriados.
  4672 | D:5      | Reached skill level 10 in Earth Magic
  4986 | D:6      | Found a sacrificial altar of Ru.
  4995 | D:6      | Reached * piety under Sif Muna
  5029 | D:6      | Reached XP level 8. HP: 41/41 MP: 11/14
  5188 | D:6      | Reached skill level 11 in Earth Magic
  5216 | D:6      | HP: 10/41 [gnoll (9)]
  5567 | D:6      | Found a white marble altar of Elyvilon.
  5739 | D:7      | Reached skill level 12 in Earth Magic
  6057 | D:7      | Reached XP level 9. HP: 45/45 MP: 12/15
  6061 | D:7      | Learned a level 2 spell: Blink
  6088 | D:7      | Reached ** piety under Sif Muna
  6228 | D:7      | HP: 4/45 [centaur/arrow (13)]
  6229 | D:7      | Reached skill level 1 in Translocations
  6401 | D:7      | Found an ancient bone altar of Kikubaaqudgha.
  6704 | D:8      | Noticed a deep elf mage
  6709 | D:8      | Killed a deep elf mage
  6709 | D:8      | Reached skill level 5 in Spellcasting
  6709 | D:8      | Reached skill level 3 in Translocations
  6719 | D:8      | Learned a level 4 spell: Passage of Golubria
  6770 | D:8      | Reached skill level 4 in Translocations
  6903 | D:8      | Reached skill level 5 in Translocations
  7061 | D:8      | Reached skill level 6 in Translocations
  7127 | D:8      | Noticed Menkaure
  7129 | D:8      | Killed Menkaure
  7129 | D:8      | Reached skill level 7 in Translocations
  7467 | D:9      | HP: 7/45 [centaur/arrow (12)]
  7468 | D:9      | Reached skill level 13 in Earth Magic
  7572 | D:9      | Reached skill level 1 in Fighting
  7572 | D:9      | Reached XP level 10. HP: 52/52 MP: 16/20
  7650 | D:9      | Got the +1 robe of Rarchameo {+Blink rF++ MR- Dex+2}
  7802 | D:9      | Found an ancient bone altar of Kikubaaqudgha.
  7851 | D:9      | Reached skill level 2 in Fighting
  8215 | D:10     | Entered Level 10 of the Dungeon
  8373 | D:10     | Reached skill level 14 in Earth Magic
  8459 | D:10     | Reached *** piety under Sif Muna
  8641 | D:10     | Noticed Fannar
  8647 | D:10     | Killed Fannar
  8647 | D:10     | Reached skill level 3 in Fighting
  8929 | D:10     | Reached skill level 4 in Fighting
  9306 | D:11     | Reached skill level 15 in Earth Magic
  9306 | D:11     | Reached XP level 11. HP: 49/61 MP: 19/21
  9537 | D:11     | Noticed a deep elf mage
  9541 | D:11     | Killed a deep elf mage
  9804 | D:12     | Reached **** piety under Sif Muna
 10011 | D:12     | Noticed a cyan ugly thing
 10017 | D:12     | Killed a cyan ugly thing
 10017 | D:12     | Reached skill level 5 in Fighting
 10900 | D:12     | HP: 14/64 [poisoned by a black mamba]
 10901 | D:12     | Reached skill level 16 in Earth Magic
 10905 | D:12     | HP: 6/64 [poisoned by a black mamba]
 11421 | D:12     | Noticed a six-headed hydra
 11435 | D:12     | Killed a six-headed hydra
 11435 | D:12     | Reached skill level 6 in Fighting
 11935 | D:12     | Noticed a centaur warrior
 11940 | D:12     | Noticed a purple ugly thing
 11946 | D:12     | Killed a centaur warrior
 11949 | D:12     | Killed a purple ugly thing
 11970 | D:12     | HP: 15/64 [slime creature (5)]
 12269 | D:12     | Noticed an orc sorcerer
 12275 | D:12     | Killed an orc sorcerer
 12286 | D:12     | Noticed a fire crab
 12299 | D:12     | Killed a fire crab
 12299 | D:12     | Reached XP level 12. HP: 43/71 MP: 3/22
 12343 | D:12     | Reached skill level 17 in Earth Magic
 12649 | D:13     | Found Seolaugess's Distillery.
 12657 | D:13     | Bought a potion of heal wounds for 80 gold pieces
 12657 | D:13     | Bought a potion of augmentation for 80 gold pieces
 12657 | D:13     | Bought a potion of augmentation for 80 gold pieces
 12657 | D:13     | Bought a potion of heal wounds for 80 gold pieces
 12657 | D:13     | Bought a potion of berserk rage for 80 gold pieces
 12702 | D:13     | Reached ***** piety under Sif Muna
 12720 | D:13     | Noticed Rupert
 12726 | D:13     | Noticed Erolcha
 12737 | D:13     | Killed Rupert
 12828 | D:13     | HP: 17/71 [poisoned by a killer bee]
 13099 | D:13     | Reached skill level 7 in Fighting
 13129 | D:13     | Killed Erolcha
 13129 | D:13     | Reached skill level 1 in Invocations
 13467 | D:13     | Noticed a tengu warrior
 13474 | D:13     | Reached skill level 2 in Invocations
 13489 | D:13     | Killed a tengu warrior
 13576 | D:13     | Got the +0 leather armour "Zian" {rElec MR- Int+4 Slay+2}
 13609 | D:13     | Reached skill level 3 in Invocations
 13828 | D:14     | Noticed a two-headed ogre
 13852 | D:14     | Killed a two-headed ogre
 13854 | D:14     | Reached skill level 18 in Earth Magic
 13854 | D:14     | HP: 12/72 [wyvern zombie (12)]
 13884 | D:14     | Reached skill level 4 in Invocations
 14114 | D:14     | Found a shimmering altar of Xom.
 14123 | D:14     | HP: 13/72 [hornet (shapeshifter) (11)]
 14124 | D:14     | HP: 1/72 [poisoned by a hornet]
 14126 | D:14     | Shot with an arrow by a centaur

Skill      XL: |  1  2  3  4  5  6  7  8  9 10 11 12 |
---------------+-------------------------------------+-----
Earth Magic    | 4 5 6 7 8 10 12 13 15 16 18 | 18.2
Translocations | 7 |  7.4
Spellcasting   | 5 |  5.4
Fighting       | 1 4 6 7 |  7.0
Invocations    | 4 |  4.2
Dodging        | |  2.4
Stealth        | |  2.4
Transmutations | |  1.1

Action                   |  1- 3 |  4- 6 |  7- 9 | 10-12 || total
-------------------------+-------+-------+-------+-------++-------
Melee: Unarmed           |    10 |       |       |       ||    10
       Dagger            |    13 |    17 |       |       ||    30
       Hand axe          |       |     3 |    25 |    40 ||    68
 Cast: Sandblast         |    44 |    66 |   148 |   255 ||   513
       Lee's Rapid Decon |       |       |     1 |    29 ||    30
       Blink             |       |       |       |    20 ||    20
       Petrify           |       |       |       |     7 ||     7
       Passage of Golubr |       |       |       |     1 ||     1
Invok: Channel Magic     |       |       |       |     1 ||     1
       Divine Energy     |       |       |       |     1 ||     1
  Use: Potion            |       |       |       |     5 ||     5
       Scroll            |       |       |       |     2 ||     2
 Stab: Sleeping          |     1 |       |       |       ||     1
Armor: Robe              |     7 |     2 |     8 |     3 ||    20
       Acid dragon scale |       |       |       |    75 ||    75
Dodge: Dodged            |    18 |    32 |    52 |   110 ||   212

Vault maps used:
D:1:      dpeg_chamrin_arrival_tetris
D:2:      marbit_many_paths, chequers_ecumenical_altar_simple_redux,
          st_stairs_13, minmay_cut_off
D:3:      wad_crossroads, overflow_temple_1_default, minmay_goblin_kobold_house
D:4:      minitemple, grunt_temple_overflow_open
D:5:      cheibriados_altar_1, eino_small_chamber_without_monster
D:6:      old_standard_altar, basic_altar
D:7:      kiku_gazebo_garden_becter, serial_co_window_serial, co_window_paths_a,
          co_window_paths_b, co_window_paths_b, co_window_paths_a,
          co_window_paths_b, co_window_corner_b, co_window_corner_b,
          co_window_corner_ca, co_window_unsneaky_path_c, glass_columns_a,
          glass_columns_b
D:8:      black_bear_nest_2, uniq_menkaure
D:9:      tgw_kikubaaqudgha
D:10:     uniq_fannar
D:12:     spider_trap, evilmike_minifort
D:13:     serial_shops, shop, st_stairs_5, uniq_rupert, uniq_erolcha
D:14:     basic_altar, xom_redecorated

Table legend:
 A = Turns spent in this place as a percentage of turns spent in the entire game.
 B = Non-inter-level travel turns spent in this place as a percentage of non-inter-level travel turns spent in the entire game.
 C = Inter-level travel turns spent in this place as a percentage of turns spent in this place.
 D = Turns resting spent in this place as a percentage of non-inter-level travel turns spent in this place.
 E = Turns spent auto-exploring this place as a percentage of non-inter-level travel turns spent in this place.
 F = Non-inter-level travel turns spent in this place divided by the number of levels of this place that you've seen.
                   A       B       C       D       E      F
               +-------+-------+-------+-------+-------+----------------------
         Total | 100.0 | 100.0 |   0.6 |   3.9 |   8.2 | 248.9
       Dungeon | 100.0 | 100.0 |   0.6 |   3.9 |   8.2 | 248.9
               +-------+-------+-------+-------+-------+----------------------

Table legend:
 A = Kills in this place as a percentage of kills in entire the game.
 B = Kills by you in this place as a percentage of kills by you in the entire game.
 C = Kills by friends in this place as a percentage of kills by friends in the entire game.
 D = Other kills in this place as a percentage of other kills in the entire game.
 E = Experience gained in this place as a percentage of experience gained in the entire game.
 F = Experience gained in this place divided by the number of levels of this place that you have seen.
                   A       B       C       D       E      F
               +-------+-------+-------+-------+-------+----------------------
         Total | 100.0 | 100.0 |  -nan | 100.0 | 100.0 | 2340.4
       Dungeon | 100.0 | 100.0 |  -nan | 100.0 | 100.0 | 2340.4
               +-------+-------+-------+-------+-------+----------------------
